 Dungeon Sprint DCSS version 0.31-a0-750-gfe7b580527 (webtiles) character file.

Game seed: 9493834113198524606

1717 rocky1 the Brawler (level 8, -4/83 HPs)
             Began as a Troll Shapeshifter on Sept 15, 2023.
             Was an Initiate of Gozag.
             Slain by a manticore (10 damage)
             ... in the Dungeon (Sprint IX: "|||||||||||||||||||||||||||||").
             The game lasted 00:01:21 (293 turns).

rocky1 the Brawler (Troll Shapeshifter)              Turns: 293, Time: 00:01:22

Health: -4/83      AC:  4    Str: 25    XL:     8   Next: 74%
Magic:  7/7        EV: 11    Int:  6    God:    Gozag
Gold:   747        SH:  0    Dex: 12    Spells: 7/7 levels left

rFire   . .          .
                       - Unarmed
rCold   . . .        (no shield)
rNeg    . . .        a - +0 animal skin
rPois   .            (helmet currently unavailable)
rElec   .            (cloak currently unavailable)
rCorr   .            (gloves unavailable)
SInv    .            (boots unavailable)
Will    .....        (no amulet)
Stlth   +            o - +3 ring of dexterity
HPRegen 1.13/turn    (no ring)
MPRegen 0.10/turn

%: no teleportation
@: beast-form, gold aura, invisible
A: beast (slay +4), large, unfitting armour, claws 3, regeneration 1, shaggy fur
1, tough skin 1
a: Begin Untransformation, Renounce Religion, Potion Petition, Call Merchant,
Bribe Branch


You were in the Dungeon.
You worshipped Gozag.
Gozag was pleased with you.
You were a hulking beast.
You visited 1 branch You collected 747 gold pieces.

Inventory:

Armour
 a - a +0 animal skin (worn)
Jewellery
 n - a +3 ring of intelligence
 o - a +3 ring of dexterity (left claw)
Talismans
 c - a beast talisman (active)
 d - a flux talisman
Wands
 m - a wand of quicksilver (10)
Scrolls
 j - 2 scrolls of blinking
 l - 2 scrolls of amnesia
Potions
 b - a potion of lignification
 e - 5 potions of curing
 g - a potion of haste
 h - 4 potions of magic


   Skills:
 * Level 6.0 Fighting
 + Level 4.9 Dodging
 * Level 15.3 Unarmed Combat
 + Level 8.5 Shapeshifting


You had 7 spell levels left.
You didn't know any spells.
Your spell library was empty.

Dungeon Overview and Level Annotations

Branches:
Dungeon (1/1)

Altars:
Cheibriados
Dithmenos
Elyvilon
Fedhas
Gozag
Hepliaklqana
Kikubaaqudgha
Makhleb
Nemelex Xobeh
Okawaru
Qazlal
Ru
Sif Muna
Trog
Uskayaw
Vehumet
Wu Jian
Xom
Yredelemnul
Zin
The Shining One
Jiyva
Lugonu


Innate Abilities, Weirdness & Mutations

You are a hulking beast.
Your limbs bulge with bestial killing power. (Slay +4)
You are too large for most types of armour.
You have claws for hands.
Your natural rate of healing is unusually fast.
You are covered in fur. (AC +1)
You have tough skin. (AC +1)


Message History

You barely miss the manticore. Your claw misses the manticore.
The manticore is lightly wounded.
The manticore bites you!!
* * * LOW HITPOINT WARNING * * *
The manticore claws you.
* * * LOW HITPOINT WARNING * * *
The manticore claws you!
* * * LOW HITPOINT WARNING * * *
The boulder beetle is distracted by your dazzling golden aura.
You feel much better. The manticore closely misses you.
The manticore barely misses you.
The manticore claws you but does no damage.
You feel much better. The manticore bites you!
The manticore claws you but does no damage.
The manticore claws you!
Unknown command.
You feel much better.
The boulder beetle is no longer distracted by gold.
The centaur is distracted by your dazzling golden aura.
The manticore closely misses you. The manticore barely misses you.
The manticore claws you.
Unknown command.
The centaur shouts!
You claw the manticore!
The manticore is moderately wounded.
The manticore is distracted by your dazzling golden aura.
The boulder beetle stops rolling and uncurls.
You closely miss the manticore.
The manticore is no longer distracted by gold.
The manticore is moderately wounded.
The manticore closely misses you. The manticore claws you!
The manticore claws you.
You fade into invisibility!
The manticore bites you!!
* * * LOW HITPOINT WARNING * * *
The manticore claws you.
* * * LOW HITPOINT WARNING * * *
The manticore claws you!
You die...
Your body crumbles into a pile of gold.

▓.▓
▓c▓
▓.▓
▓.▓
▓B▓
▓J▓
▓H▓
▓h▓
▓.▓
▓.▓
▓)▓
▓)▓
▓)▓
▓'▓
▓.▓
▓.▓


You could see a boulder beetle (unable to see you), a slime creature (unable to
see you), a manticore (unable to see you) and a centaur (unable to see you).

Vanquished Creatures
  A boulder beetle (D)
  A gargoyle (D)
  A troll (D)
  2 yaks (D)
  A vampire mosquito (D)
  An orc warrior (D)
  A centaur (D)
  An adder (D)
  A white imp (D)
  2 ufetubi (D)
  An orc (D)
  A goblin (D)
  A jackal (D)
  A quokka (D)
  2 kobolds (D)
18 creatures vanquished.

Notes
Turn   | Place    | Note
-------+----------+-------------------------------------------
     0 | D        | rocky1 the Troll Shapeshifter began the quest for the Orb.
     0 | D        | Reached XP level 1. HP: 18/18 MP: 0/0
    14 | D        | Reached skill level 4 in Unarmed Combat
   126 | D        | Reached skill level 1 in Fighting
   126 | D        | Reached XP level 2. HP: 14/27 MP: 1/1
   132 | D        | Reached skill level 5 in Unarmed Combat
   144 | D        | Reached XP level 3. HP: 9/35 MP: 2/2
   175 | D        | Found a snail-covered altar of Cheibriados.
   175 | D        | Found a shadowy altar of Dithmenos.
   175 | D        | Found a white marble altar of Elyvilon.
   175 | D        | Found a blossoming altar of Fedhas.
   175 | D        | Found an opulent altar of Gozag.
   176 | D        | Found a hazy altar of Hepliaklqana.
   177 | D        | Found a viscous altar of Jiyva.
   178 | D        | Found an ancient bone altar of Kikubaaqudgha.
   179 | D        | Found a corrupted altar of Lugonu.
   180 | D        | Found a burning altar of Makhleb.
   181 | D        | Found a sparkling altar of Nemelex Xobeh.
   182 | D        | Found an iron altar of Okawaru.
   183 | D        | Became a worshipper of Gozag Ym Sagoz the Greedy
   184 | D        | Found a stormy altar of Qazlal.
   185 | D        | Found a sacrificial altar of Ru.
   186 | D        | Found a shimmering blue altar of Sif Muna.
   187 | D        | Found a bloodstained altar of Trog.
   188 | D        | Found a hide-covered altar of Uskayaw.
   189 | D        | Found a radiant altar of Vehumet.
   190 | D        | Found an ornate altar of the Wu Jian Council.
   191 | D        | Found a shimmering altar of Xom.
   192 | D        | Found a basalt altar of Yredelemnul.
   193 | D        | Found a glowing silver altar of Zin.
   194 | D        | Found a glowing golden altar of the Shining One.
   218 | D        | Noticed a centaur
   218 | D        | Noticed an orc warrior
   218 | D        | Noticed a yak
   218 | D        | Noticed a troll
   218 | D        | Noticed a gargoyle
   218 | D        | Noticed a yak
   224 | D        | Killed a yak
   225 | D        | Reached skill level 8 in Unarmed Combat
   225 | D        | Reached skill level 5 in Shapeshifting
   225 | D        | Reached XP level 4. HP: 45/45 MP: 3/3
   225 | D        | Reached XP level 5. HP: 53/53 MP: 4/4
   227 | D        | Killed a gargoyle
   228 | D        | Reached skill level 11 in Unarmed Combat
   228 | D        | Reached XP level 6. HP: 63/63 MP: 5/5
   230 | D        | Killed a troll
   231 | D        | Reached skill level 12 in Unarmed Combat
   231 | D        | Reached XP level 7. HP: 66/71 MP: 6/6
   235 | D        | Killed a yak
   236 | D        | Reached skill level 5 in Fighting
   236 | D        | Reached skill level 13 in Unarmed Combat
   241 | D        | Reached XP level 8. HP: 40/80 MP: 7/7
   275 | D        | Noticed a boulder beetle
   275 | D        | Noticed a slime creature
   275 | D        | Noticed a manticore
   275 | D        | Noticed a boulder beetle
   283 | D        | Killed a boulder beetle
   284 | D        | Reached skill level 15 in Unarmed Combat
   293 | D        | Slain by a manticore

Illustrated notes

Levels and vault maps discovered:
D:        linesprint [early_d, line_temple, items_1, d_10, items_2, lair_1,
          lair_end, items_3, orc_1, orc_end, items_4, d_15, swamp_1, shoals_1,
          snake_1, spider_1, d_20, vaults_1, items_5, swamp_end, shoals_end,
          snake_end, spider_end, vaults_end, d_27, items_6, zot_1, zot_end,
          crypt_end, forest_end, elf_end, slime_end, tomb_end, abyss_end,
          pan_hell_end]

Skill      XL: |  1  2  3  4  5  6  7  8 |
---------------+-------------------------+-----
Unarmed Combat | 4 5 8 11 12 13 15 | 15.3
Fighting       | 1 3 4 5 6 |  6.0
Shapeshifting  | 4 5 7 8 |  8.5
Dodging        | 2 3 4 |  4.9

Action                     |  1- 3 |  4- 6 |  7- 9 || total
---------------------------+-------+-------+-------++-------
  Melee: Unarmed           |    37 |     5 |    22 ||    64
         Punch             |       |       |     3 ||     3
    Use: Potion            |     1 |       |     4 ||     5
   Stab: Distracted        |       |       |     1 ||     1
 Armour: Animal skin       |    32 |     3 |    23 ||    58
  Dodge: Dodged            |    18 |     1 |    10 ||    29

Table legend: (Time is in decaauts)
 A = Elapsed time spent in this place.
 B = Non-inter-level travel time spent in this place.
 C = Inter-level travel time spent in this place.
 D = Time resting spent in this place.
 E = Time spent auto-exploring this place.
 F = Levels seen in this place.
 G = Mean time per level.
                   A        B        C        D        E       F      G
               +--------+--------+--------+--------+--------+-----+--------+
         Total |    287 |    287 |      0 |    147 |      0 |   1 |  287.0 |
       Dungeon |    287 |    287 |      0 |    147 |      0 |   1 |  287.0 |
               +--------+--------+--------+--------+--------+-----+--------+

Top non-repeatable levels by time:
       D: 287 daAuts
